 Dungeon Crawl Stone Soup version 0.27.1-33-g824d729ab1 (webtiles) character file.

Game seed: 9185501827847186986

13 diana the Magician (level 2, 22/22 HPs)
             Began as a Djinni Conjurer on Nov 28, 2021.
             Quit the game on level 2 of the Dungeon on Dec 1, 2021.
             The game lasted 00:04:46 (1160 turns).

diana the Magician (Djinni Conjurer)                Turns: 1160, Time: 00:04:47

Health: 22/22      AC:  2    Str:  6    XL:     2   Next: 50%
Gold:   47         EV: 12    Int: 19    God:
                   SH:  0    Dex: 11

rFire    + + .     SeeInvis .   (no weapon)
rCold    x . .     Faith    .   (no shield)
rNeg     . . .     Spirit   .   a - +0 robe
rPois    ∞         Reflect  .   (no helmet)
rElec    .         Harm     .   (no cloak)
rCorr    .         Rampage  .   (no gloves)
Will     .....                  (boots unavailable)
Stlth    ++........             (no amulet)
HPRegen  0.07/turn              (no ring)
MPRegen  0.00/turn              (no ring)

@: flying
A: sickness immunity, fire resistance 2, cold vulnerability 1, float, innate
caster, hp casting, extra vitality 1
a: no special abilities


You were on level 2 of the Dungeon.
You visited 1 branch of the dungeon, and saw 2 of its levels.

You collected 47 gold pieces.

Inventory:

Armour
 a - a +0 robe (worn)
Magical Staves
 b - a staff of death
Scrolls
 f - a scroll of vulnerability {unknown}
 h - 2 scrolls of magic mapping {unknown}
 i - a scroll of identify {unknown}
 j - a scroll of acquirement {unknown}
Potions
 c - 2 potions of invisibility {unknown}
 d - a potion of experience {unknown}
 e - 2 potions of might {unknown}
 g - a potion of haste {unknown}
 k - a potion of attraction {unknown}


   Skills:
 + Level 0.9 Fighting
 + Level 2.6 Dodging
 - Level 1.5 Stealth
 + Level 3.4 Spellcasting


You couldn't memorise any spells.
You knew the following spells:

 Your Spells              Type           Power      Damage    Failure   Level
a - Magic Dart            Conj           64%        1d6       3%          1
b - Searing Ray           Conj           32%        3d4       5%          2
c - Dazzling Flash        Conj/Hex       32%        N/A       11%         3
d - Fulminant Prism       Conj/Hex       8%         3d7       34%         4
e - Iskenderun's Mystic   Conj/Tloc      16%        2d5       34%         4
Your spell library was empty.

Dungeon Overview and Level Annotations

Branches:
Dungeon (2/15)

Altars:


Innate Abilities, Weirdness & Mutations

You are immune to sickness and miasma.
You are immune to poison.
Your flesh is very heat resistant. (rF++)
You are vulnerable to cold. (rC-)
You float through the air rather than walking.
You learn spells naturally, not from books.
Your magical power is your life essence.
You have superior vitality. (+4 HP)


Message History

There is a stone staircase leading down here.
You see here 23 stones.
A goblin comes into view. It is wielding a +0 dagger.
Casting: Magic Dart (safe; 3% risk of failure)
Confirm with . or Enter, or press ? or * to list all spells.
Aiming: Magic Dart (safe; 3% risk of failure)
Press: ? - help, Shift-Dir - straight line, f - goblin
Aim: a goblin, wielding a +0 dagger (asleep, 100% to hit)
The magic dart hits the goblin.
You kill the goblin!
Casting: Magic Dart (safe; 3% risk of failure)
Confirm with . or Enter, or press ? or * to list all spells.
You don't know that spell.
Things that are here:
a +0 dagger; a goblin corpse
There is an open door here.
There is a stone staircase leading down here.
There is an open door here.
You reach down and open the door.
Found a faded altar of an unknown god.
There is an open door here.
Done exploring.
Done exploring.
Done exploring.
Done exploring.
Casting: Magic Dart (safe; 3% risk of failure)
Confirm with . or Enter, or press ? or * to list all spells.
You don't know that spell.
(D) Dungeon
Where to? (? - help)
There is a stone staircase leading down here.
You fly downwards.
Found four items.
There is a stone staircase leading up here.
Found 8 gold pieces.
Found an escape hatch in the floor.
k - a fuming black potion You now have 47 gold pieces (gained 16).
Found a stone staircase leading up.
Are you sure you want to abandon this character and quit the game? (Confirm with "yes".)

### ###########.##
## #.^...<:.....##
..
...............#.#
##)######........#
.######......#.#
...............#
####...#.###.#
#@#.#.# ...
#.......# ##.#
#$......# #
#.>.....#
........#
##.......#
#.........
#......<.#


There were no monsters in sight!

Vanquished Creatures
  A dart slug (D:1)
  An endoplasm (D:1)
  2 goblins (D:1)
  3 hobgoblins (D:1)
  A bat (D:1)
  2 rats (D:1)
10 creatures vanquished.

Notes
Turn   | Place    | Note
-------+----------+-------------------------------------------
     0 | D:1      | diana the Djinni Conjurer began the quest for the Orb.
     0 | D:1      | Reached XP level 1. HP: 15/15 MP: 0/0
   448 | D:1      | Reached XP level 2. HP: 10/22 MP: 0/0
  1113 | D:1      | Found a faded altar of an unknown god.
  1160 | D:2      | Quit the game

Illustrated notes

Levels and vault maps discovered:
D:1:      tarquinn_simple_flora_water_d, layout_basic,
          shapermc_ecumenical_altar_mp_vishouse
D:2:      layout_loops_ring

Action                   || total
-------------------------++-------
 Cast: Magic Dart        ||    22
Armor: Robe              ||     1
Dodge: Dodged            ||     2
